 Dungeon Crawl Stone Soup version 0.18.1-50-g88ac8fd (webtiles) character file.

136 Nordron the Changer (level 5, -13/45 HPs)
             Began as a Naga Transmuter on Sept 29, 2016.
             Mangled by Nukefarmer's ghost (17 damage)
             ... on level 3 of the Dungeon.
             The game lasted 00:13:36 (2811 turns).

Nordron the Changer (Naga Transmuter)               Turns: 2811, Time: 00:13:37

Health: -13/45     AC:  3    Str: 12    XL:     5   Next: 19%
Magic:  3/8        EV: 10    Int: 13    God:
Gold:   126        SH:  0    Dex: 13    Spells: 2 memorised, 4 levels left

rFire  . . .     SeeInvis +     B - +1 war axe (chop)
rCold  . . .     Gourm    .     o - +1 robe {MR+}
rNeg   . . .     Faith    .     (no shield)
rPois  +         Spirit   .     (no helmet)
rElec  .         Dismiss  .     (no cloak)
rCorr  .         Reflect  .     (no gloves)
SustAt +         Harm     .     (no barding)
MR     +....                    l - amulet of regeneration
Stlth  +.........               (no ring)
                                h - ring of sustain attributes

@: very slightly contaminated, very slow, somewhat resistant to hostile
enchantments, very unstealthy
A: see invisible, deformed body, poison resistance, slowness 2, slow metabolism
1, spit poison 2, AC +1
a: Spit Poison


You were on level 3 of the Dungeon.
You were not hungry.

You visited 1 branch of the dungeon, and saw 3 of its levels.

You collected 126 gold pieces.

Inventory:

Hand Weapons
 g - a +0 dagger of freezing
 r - a +0 flail of crushing
 B - a +1 war axe of chopping (weapon)
Missiles
 a - 31 arrows
Armour
 o - a +1 robe of magic resistance (worn)
Jewellery
 h - a ring of sustain attributes (left hand)
 l - an amulet of regeneration (around neck)
Scrolls
 e - a scroll of immolation {unknown}
 f - 6 scrolls of identify {unknown}
 i - a scroll of recharging {unknown}
 k - 3 scrolls of random uselessness {unknown}
 m - a scroll of enchant armour {unknown}
 y - a scroll of fear {unknown}
 z - 2 scrolls of teleportation {unknown}
 A - a scroll of magic mapping {unknown}
 C - a scroll of amnesia {unknown}
Potions
 j - 2 potions of heal wounds {unknown}
 p - a potion of mutation {unknown}
 t - 2 potions of cancellation {unknown}
 u - a potion of curing {unknown}
 v - a potion of invisibility {unknown}
 w - a potion of lignification {unknown}
 x - 2 potions of agility {unknown}
Books
 c - a book of Changes

   Spells                             Type                      Level
   a - Beastly Appendage              Transmutation                1
   b - Sticks to Snakes               Transmutation                2
   c - Spider Form                    Transmutation/Poison         3
   d - Ice Form                       Ice/Transmutation            4
   e - Blade Hands                    Transmutation                5
Comestibles
 b - a meat ration
 d - 2 bread rations
 n - a royal jelly
 q - a beef jerky
 s - a slice of pizza
 D - 9 chunks of flesh


   Skills:
 + Level 2.0 Fighting
 + Level 1.2 Armour
 + Level 2.0 Dodging
 * Level 3.3 Unarmed Combat
 + Level 2.4 Spellcasting
 * Level 3.4 Transmutations


You had 4 spell levels left.
You knew the following spells:

 Your Spells              Type           Power        Failure   Level  Hunger
a - Beastly Appendage     Trmt           ##....       8%          1    #......
b - Spider Form           Trmt/Pois      #.........   38%         3    ###....


Dungeon Overview and Level Annotations

Branches:
Dungeon (3/15)

Altars:
Elyvilon
Gozag
Kikubaaqudgha
Xom

Annotations:
D:3 Nukefarmer's ghost, amateur DDFi


Innate Abilities, Weirdness & Mutations

You cannot wear boots.
Your serpentine skin is tough (AC +1).
You have supernaturally acute eyesight.
Armour fits poorly on your strangely shaped body.
Your system is resistant to poisons.
You cover ground very slowly.
You have a slow metabolism.
You can spit poison.


Message History

Your +1 war axe of chopping unmelds from your body.
Your +1 robe of magic resistance unmelds from your body.
You feel resistant to hostile enchantments.
Casting: Spider Form
Confirm with . or Enter, or press ? or * to list all spells.
You miscast Spider Form.
You are very lightly contaminated with residual magic.
Nothing appears to happen.
Nukefarmer's ghost hits you!
* * * LOW HITPOINT WARNING * * *
You hit Nukefarmer's ghost but do no damage.
Nukefarmer's ghost is lightly damaged.
Nukefarmer's ghost ripples.
Nukefarmer's ghost hits you.
* * * LOW HITPOINT WARNING * * *
You hit Nukefarmer's ghost but do no damage.
Nukefarmer's ghost is lightly damaged.
Nukefarmer's ghost hits you.
* * * LOW HITPOINT WARNING * * *
Nukefarmer's ghost hits you!
You die...

#####.....#####.##..........##
###.......#........#######.#
##....._...####.##### #.#
#..#.......# #.### #+#
#..##.....## #...# ##..<##
#...##...## ###.# ##.....# #
#....###### ##.## ##.......
###.........######..(####........
'..............W@)......+........
###..........##.##...####........
#......#...#.##.###.## #.......
#.###...........###.### #<....#
#.#....##.##.##.......# ##...##
#.#.#..##.##.##..####.# ##'##
#.#..............# .#######.#
#.#....##.#......# ##......#
#....#.##.....#### #.###..##


You could see Nukefarmer's ghost.

Vanquished Creatures
  3 adders
  3 gnolls (D:2)
  An ooze (D:1)
  2 worms
  4 dart slugs (D:1)
  2 giant geckos
  An orc (D:3)
  2 giant cockroaches
  6 goblins
  8 hobgoblins
  4 jackals
  5 kobolds
  A quokka (D:2)
  2 ball pythons
  6 bats
  4 giant newts (D:2)
  7 rats
61 creatures vanquished.

Notes
Turn   | Place    | Note
--------------------------------------------------------------
     0 | D:1      | Nordron the Naga Transmuter began the quest for the Orb.
     0 | D:1      | Reached XP level 1. HP: 18/18 MP: 3/3
    89 | D:1      | Reached XP level 2. HP: 18/25 MP: 3/5
   802 | D:1      | Reached XP level 3. HP: 26/31 MP: 6/6
  1320 | D:2      | Learned a level 3 spell: Spider Form
  1420 | D:2      | Reached XP level 4. HP: 18/39 MP: 7/7
  1426 | D:2      | Reached skill level 1 in Armour
  1498 | D:2      | Found a white marble altar of Elyvilon.
  2087 | D:3      | Found an opulent altar of Gozag.
  2336 | D:3      | Found a shimmering altar of Xom.
  2339 | D:3      | Found a shimmering altar of Xom.
  2341 | D:3      | Found a shimmering altar of Xom.
  2361 | D:3      | Reached XP level 5. HP: 33/45 MP: 5/8
  2696 | D:3      | Found an ancient bone altar of Kikubaaqudgha.
  2780 | D:3      | Noticed Nukefarmer's ghost (amateur DDFi)
  2811 | D:3      | Mangled by Nukefarmer's ghost

Skill      XL: |  1  2  3  4 |
---------------+-------------+-----
Transmutations | 3 |  3.4
Armour         | 1 |  1.2
Fighting       | 2 |  2.0
Dodging        | 2 |  2.0
Unarmed Combat | |  3.3
Spellcasting   | |  2.4

Action                   |  1- 3 |  4- 6 || total
-------------------------+-------+-------++-------
Melee: Unarmed           |    22 |   122 ||   144
       Headbutt          |    15 |    28 ||    43
       Spear             |    53 |       ||    53
       Short sword       |     7 |       ||     7
       Dagger            |     4 |       ||     4
       Punch             |     1 |     1 ||     2
       Flail             |    25 |       ||    25
       War axe           |       |     6 ||     6
 Cast: Beastly Appendage |    14 |    25 ||    39
       Spider Form       |       |     1 ||     1
 Abil: Spit Poison       |     1 |       ||     1
 Stab: Sleeping          |       |     1 ||     1
  Eat: Chunk             |     1 |     5 ||     6
Armor: Robe              |    27 |    30 ||    57
Dodge: Dodged            |    61 |    56 ||   117
